 Dungeon Sprint DCSS version 0.29.1-15-g9cfb28693d (webtiles) character file.

Game seed: 17657085868451649644

1600000 Iago the Wrestler (level 14, -41/176 HPs)
             Began as a Troll Berserker on Feb 24, 2023.
             Was a Priest of Trog.
             Annihilated by a meat berserker
             ... wielding a +9 battleaxe
              (62 damage)
             ... in the Dungeon (Sprint VIII: "Arena of Blood").
             The game lasted 00:01:29 (16 turns).

Iago the Wrestler (Troll Berserker)                   Turns: 16, Time: 00:01:29

Health: -41/176    AC:  4    Str: 32    XL:     14   Next: 60%
Magic:  13/13      EV: 15    Int:  3    God:    Trog [***...]
Gold:   0          SH:  0    Dex:  9    Spells: 13/13 levels left

rFire   . . .      SeeInvis .   h - +∞ Axe of Woe
rCold   . . .      Faith    .   (shield currently unavailable)
rNeg    . . .      Spirit   .   a - +0 animal skin
rPois   .          Reflect  .   (helmet restricted)
rElec   .          Harm     .   (no cloak)
rCorr   .          Rampage  .   (gloves unavailable)
Will    +....      NoTele   +   (boots unavailable)
Stlth   +.........              (no amulet)
HPRegen 1.19/turn               (no ring)
MPRegen 0.13/turn               (no ring)

@: on berserk cooldown, slowed, very slow
A: large, unfitting armour, claws 3, regeneration 1, shaggy fur 1, tough skin 1
a: Renounce Religion, Berserk, Trog's Hand


You were in the Dungeon.
You worshipped Trog.
Trog was most pleased with you.
You visited 1 branch

Inventory:

Hand Weapons
 h - the +∞ Axe of Woe (weapon)
   (You found it in the Dungeon)
Armour
 a - a +0 animal skin (worn)
Scrolls
 g - a scroll of blinking
Potions
 b - a potion of curing
 c - a potion of heal wounds
 d - a potion of haste
 e - 2 potions of magic
 f - a potion of berserk rage


   Skills:
 + Level 20.4 Fighting
 + Level 9.9 Axes
 + Level 19.8 Dodging
 + Level 23.2 Unarmed Combat


You had 13 spell levels left.
You didn't know any spells.
Your spell library was empty.

Dungeon Overview and Level Annotations

Branches:
Dungeon (1/1)

Altars:
Makhleb


Innate Abilities, Weirdness & Mutations

You are too large for most types of armour.
You have claws for hands.
Your natural rate of healing is unusually fast.
You are covered in fur. (AC +1)
You have tough skin. (AC +1)


Message History

A bag of meat comes into view. It is wielding a +9 war axe.
The bag of meat hits you with a +9 war axe!!
You hear a shout! x3
The bag of meat shouts!
You slash the bag of meat!
You dissect the bag of meat like a pig carcass.
You kill the bag of meat!
Trog accepts your kill.
You hit the bag of meat.
You cleave the bag of meat in twain.
You kill the bag of meat!
Trog accepts your kill.
The meat berserker appears out of thin air!
A meat berserker comes into view. It is wielding a +9 battleaxe.
You hear a shout! x13
The meat berserker hits you with a +9 battleaxe!!!
You hear a shout!
A bag of meat comes into view. It is wielding a +9 war axe.
You hear a shout! x5
Your Fighting skill increases to level 20!
Your Axes skill increases to level 9!
Your Dodging skill increases to level 19!
Your Unarmed Combat skill increases to level 23!
You are too injured to fight recklessly!
You are too injured to fight recklessly!
You are too injured to fight recklessly!
A bag of meat and a meat berserker come into view.
The bag of meat shouts! x2; The meat berserker shouts!
You hear a shout! x3
You hear two shouts!
You hear a shout! x10
The meat berserker hits you with a +9 battleaxe!!!
* * * LOW HITPOINT WARNING * * *
You hear a shout! x7
A meat berserker comes into view. It is wielding a +9 battleaxe.
You hear a shout! x3
The bag of meat hits you with a +9 war axe!
* * * LOW HITPOINT WARNING * * *
You hear a shout!
A meat berserker comes into view. It is wielding a +9 battleaxe.
You hear a shout!
The meat berserker hits you with a +9 battleaxe!!!
You die...

........###......
#........_......
......#.....# .
......#_.<._# ..
......#.)...#...
#.....).._......
........###......
...###.))....###.
.. #oo@....#
#oO.....#
..o...O......
...oO..........
......o.........
..............##
....#........#Oo
............O#O.


You could see a large bag of meat (inner flame), 5 meat berserkers and 7 bags of
meat.

Vanquished Creatures
  An ogre (D)
  7 orcs (D)
8 creatures vanquished.

Notes
Turn   | Place    | Note
-------+----------+-------------------------------------------
     0 | D        | Found the +∞ Axe of Woe
     0 | D        | Iago the Troll Berserker began the quest for the Orb.
     0 | D        | Reached XP level 1. HP: 22/22 MP: 0/0
     1 | D        | Noticed a bag of meat
     2 | D        | Noticed a meat berserker
     2 | D        | Noticed a bag of meat
     2 | D        | Noticed a bag of meat
     4 | D        | Noticed a bag of meat
     7 | D        | Killed a bag of meat
     8 | D        | Reached skill level 15 in Unarmed Combat
     8 | D        | Reached XP level 2. HP: 52/52 MP: 1/1
     8 | D        | Reached XP level 3. HP: 59/59 MP: 2/2
     8 | D        | Reached XP level 4. HP: 68/68 MP: 3/3
     8 | D        | Reached XP level 5. HP: 76/76 MP: 4/4
     8 | D        | Reached XP level 6. HP: 85/85 MP: 5/5
     8 | D        | Reached XP level 7. HP: 93/93 MP: 6/6
     8 | D        | Reached XP level 8. HP: 102/102 MP: 7/7
     8 | D        | Reached XP level 9. HP: 110/110 MP: 8/8
     8 | D        | Reached XP level 10. HP: 119/119 MP: 9/9
     8 | D        | Killed a bag of meat
     8 | D        | Killed a meat berserker
     8 | D        | Reached ** piety under Trog
     9 | D        | Reached skill level 19 in Unarmed Combat
     9 | D        | Reached XP level 11. HP: 139/139 MP: 10/10
     9 | D        | Reached XP level 12. HP: 148/148 MP: 11/11
     9 | D        | Reached XP level 13. HP: 156/156 MP: 12/12
     9 | D        | Killed a bag of meat
     9 | D        | Noticed a bag of meat
    10 | D        | Reached skill level 20 in Unarmed Combat
    10 | D        | Noticed a bag of meat
    11 | D        | Noticed a bag of meat
    11 | D        | Noticed a bag of meat
    11 | D        | Noticed a bag of meat
    12 | D        | Killed a bag of meat
    12 | D        | Killed a bag of meat
    12 | D        | Reached *** piety under Trog
    12 | D        | Noticed a bag of meat
    13 | D        | Reached skill level 22 in Unarmed Combat
    13 | D        | Reached XP level 14. HP: 172/172 MP: 13/13
    13 | D        | Noticed a meat berserker
    13 | D        | Noticed a bag of meat
    13 | D        | Noticed a bag of meat
    14 | D        | Noticed a large bag of meat
    14 | D        | Noticed a bag of meat
    15 | D        | Killed a bag of meat
    15 | D        | Killed a bag of meat
    15 | D        | Noticed a bag of meat
    16 | D        | Reached skill level 23 in Unarmed Combat
    16 | D        | Noticed a meat berserker
    16 | D        | Noticed a bag of meat
    16 | D        | Noticed a meat berserker
    16 | D        | Noticed a meat berserker
    16 | D        | Noticed a meat berserker
    16 | D        | Annihilated by a meat berserker

Illustrated notes

Levels and vault maps discovered:
D:        meatsprint

Skill      XL: |  1  2  3  4  5  6  7  8  9 10 11 12 13 14 |
---------------+-------------------------------------------+-----
Fighting       | 13 17 19 20 | 20.4
Axes           | 2 6 8 9 |  9.9
Dodging        | 12 16 18 19 | 19.8
Unarmed Combat | 15 19 22 23 | 23.2

Action                   |  1- 3 |  4- 6 |  7- 9 | 10-12 | 13-15 || total
-------------------------+-------+-------+-------+-------+-------++-------
Melee: Executioner's axe |     1 |       |       |     1 |     3 ||     5
Invok: Berserk           |     1 |       |       |       |       ||     1
